 Dungeon Crawl Stone Soup version 0.21-a0-584-g185da8e (webtiles) character file.

250045 mortelune the Envoy of Void (level 18, -5/154 HPs)
             Began as a Demonspawn Abyssal Knight on Dec 20, 2017.
             Was a High Priest of Lugonu.
             Killed by the air
             ... invoked by Sojobo
              (41 damage)
             ... on level 3 of the Vaults.
             The game lasted 03:47:43 (58911 turns).

mortelune the Envoy of Void (DsAK)                 Turns: 58911, Time: 03:47:43

Health: -5/154     AC: 29    Str: 26    XL:     18   Next: 89%
Magic:  0/30       EV:  8    Int: 16    God:    Lugonu [*****.]
Gold:   1206       SH: 19    Dex: 12    Spells: 25/30 levels left

rFire    + . .     SeeInvis .   a - +6 war axe of Peum {elec, rElec Str+4}
rCold    + + .     Gourm    .   i - +2 shield {reflect}
rNeg     + . .     Faith    .   W - +1 plate armour {rC+}
rPois    +         Spirit   +   m - +2 helmet
rElec    +         Reflect  +   Y - +0 cloak
rCorr    +         Harm     .   (gloves unavailable)
MR       ++...                  h - +1 pair of boots
Stlth    ..........             f - +5 amulet of reflection
HPRegen  0.35/turn              R - +3 ring of strength
MPRegen  0.44/turn              r - ring of protection from magic

@: resistant, flying (expiring), hasted, studying Ice Magic, very quick
A: claws 3, slimy green scales 3, negative energy resistance 1, spiny 3, magic
shield, magic regeneration
}: 2/15 runes: barnacled, gossamer
a: Depart the Abyss, Bend Space, Banish, Corrupt, Enter the Abyss, Renounce
Religion


You were on level 3 of the Vaults.
You worshipped Lugonu.
Lugonu was extremely pleased with you.
You were hungry.

You visited 6 branches of the dungeon, and saw 34 of its levels.
You visited the Abyss 1 time.
You also visited: Labyrinth, Bailey and Ice Cave.

You collected 3627 gold pieces.
You spent 2421 gold pieces at shops.

Inventory:

Hand Weapons
 a - the +6 war axe of Peum (weapon) {elec, rElec Str+4}
   (You found it on level 2 of the Lair of Beasts)

   Occasionally, upon striking a foe, it will discharge some electrical energy
   and cause terrible harm.
   It affects your strength (+4).
   It insulates you from electricity.
 b - the +5 flail of the Hierophant {crush, Str+3 SInv}
   (You found it on level 5 of the Lair of Beasts)

   It inflicts extra damage upon your enemies.
   It affects your strength (+3).
   It lets you see invisible.
Missiles
 g - 9 throwing nets (quivered)
Armour
 h - a +1 pair of boots (worn)
 i - a +2 shield of reflection (worn)
 m - a +2 helmet (worn)
 B - +0 fire dragon scales
 W - a +1 plate armour of cold resistance (worn)
 Y - a +0 cloak (worn)
Jewellery
 f - a +5 amulet of reflection (around neck)
 r - a ring of protection from magic (right claw)
 R - a +3 ring of strength (left claw)
 U - an uncursed ring of positive energy
 Z - a cursed ring of loudness {unknown}
Wands
 e - a wand of acid (10)
 D - a wand of digging (51)
 H - a wand of clouds (6)
 I - a wand of scattershot (3)
 L - a wand of paralysis (36)
 Q - a wand of iceblast (46)
Scrolls
 k - a scroll of enchant weapon
 n - 11 scrolls of teleportation
 s - 4 scrolls of fog
 v - 4 scrolls of magic mapping
 x - 3 scrolls of immolation
 y - 7 scrolls of remove curse
 C - 6 scrolls of amnesia
 F - a scroll of summoning
 J - 3 scrolls of blinking
 K - 3 scrolls of silence
 O - 5 scrolls of fear
 S - 10 scrolls of identify
 T - 3 scrolls of enchant armour
Potions
 d - 2 potions of brilliance
 l - 5 potions of agility
 o - 2 potions of flight
 q - 3 potions of ambrosia
 t - 4 potions of haste
 u - 3 potions of magic
 z - a potion of heal wounds
 A - 9 potions of curing
 G - 5 potions of might
 M - 3 potions of invisibility
 N - 2 potions of resistance
 V - 4 potions of mutation
 X - 2 potions of cancellation
Books
 E - a manual of Ice Magic
 P - the Disquisition on Ice
   (You found it on level 10 of the Dungeon)

   Spells                             Type                      Level
   a - Freeze                         Ice                          1
   b - Throw Frost                    Conjuration/Ice              2
   c - Ensorcelled Hibernation        Hexes/Ice                    2
   d - Ozocubu's Armour               Charms/Ice                   3
   e - Metabolic Englaciation         Hexes/Ice                    5
   f - Bolt of Cold                   Conjuration/Ice              6
Miscellaneous
 p - 2 phantom mirrors
Comestibles
 c - 24 rations


   Skills:
 + Level 17.1 Fighting
 + Level 4.5(11.3) Axes
 - Level 15.5(15.7) Maces & Flails
 + Level 13.9 Armour
 - Level 3.6 Dodging
 + Level 9.5 Shields
 + Level 6.6 Spellcasting
 + Level 11.6 Ice Magic
 + Level 17.8 Invocations
 - Level 3.0 Evocations


You had 25 spell levels left.
You knew the following spells:

 Your Spells              Type           Power        Failure   Level  Hunger
a - Throw Frost           Conj/Ice       ###...       26%         2    None
b - Blink                 Tloc           N/A          96%         2    None
c - Summon Butterflies    Summ           #.......     89%         1    None


Dungeon Overview and Level Annotations

Branches:
Dungeon (15/15)            Temple (0/1) D:4            Lair (6/6) D:9
 Shoals (4/4) Lair:3       Spider (4/4) Lair:2        Slime (0/5) Lair:6
    Orc (2/2) D:12            Elf (0/3) Orc:2        Vaults (3/5) D:13
  Crypt (0/3) Vaults:2     Depths (0/5) D:15

Altars:
Cheibriados
Dithmenos
Elyvilon
Hepliaklqana
Kikubaaqudgha
Makhleb
Okawaru
Sif Muna
Trog
Vehumet
Wu Jian
Xom
Zin
The Shining One
Beogh
Jiyva

Shops:
Orc:2 %}:*%   Shoals:1 !![   Vaults:2 [   Vaults:3 !

Annotations:
D:6 exclusion: oklob plant
Lair:1 exclusion: 3 oklob plants
Lair:6 corrupted
Shoals:4 corrupted
Orc:2 corrupted
Vaults:2 corrupted
Vaults:3 Sojobo
Abyss:1 Agnes, Sonja


Innate Abilities, Weirdness & Mutations

You have claws for hands.
You are completely covered in slimy green scales. (AC +4, rPois)
You resist negative energy. (rN+)
You are completely covered in sharp spines.
When hurt, damage is shared between your health and your magic reserves.
You regenerate magic rapidly.


Message History

The air twists around and violently strikes you in flight!
* * * LOW HITPOINT WARNING * * *
You block the air elemental's attack.
The air elemental is struck by your spines.
The air elemental hits you.
* * * LOW HITPOINT WARNING * * *
You feel much better.
* * * LOW HITPOINT WARNING * * *
A vortex of raging winds appears around the air elemental!
You block the air elemental's attack.
You hit Sojobo. Lightning courses through Sojobo!
Sojobo is almost dead.
You hit the air elemental.
You are engulfed in raging winds.
* * * LOW HITPOINT WARNING * * *
x2 The winds around the air elemental start to calm down.
You block the air elemental's attack.
The air elemental hits you but does no damage.
Sojobo waves her feathered arms in wide circles.
The air twists around and violently strikes you in flight!
You die...

...# ...# ##########
...#
#........########.!.#
##'#.....##§§§§.'...#
##∩#.....##§§§§.§...#
####.....#§§§####..##
#........#EE§§§....#
#........#Q@§§§....#
#........#§§§#######
#........#§§§§§.#
#........#......#
#........+...####
######'######'###'###
..#....# #........#
..#....# #........#
..#....# #........#


You could see Sojobo and 2 air elementals.

Vanquished Creatures
  Boris (Vaults:3)
  Arachne (Spider:2)
  Jorgrun (Spider:2)
  A kraken (Shoals:3)
  Kirke (D:14)
  2 tengu reavers (Vaults:3)
  Ilsuiw (Shoals:3)
  The ghost of mortelune the Devastator, an adept DEFE of Vehumet (Shoals:2)
  4 emperor scorpions
  2 vault wardens
  3 ghost moths
  3 ironheart preservers
  4 stone giants
  3 entropy weavers
  3 merfolk javelineers
  A minotaur (Lab)
  An ettin (D:14)
  2 fire dragons
  10 merfolk impalers
  A yaktaur captain (Vaults:1)
  2 great orbs of eyes
  5 hydras
  Erolcha (D:13)
  A vault guard (Vaults:2)
  A merfolk avatar (Shoals:4)
  2 centaur warriors
  An alligator snapping turtle (Shoals:4)
  A catoblepas (Lair:5)
  4 merfolk aquamancers
  17 two-headed ogres
  3 tengu warriors
  2 dancing weapons (D:13)
  4 ogre magi
  A death knight (D:15)
  A vampire mage (Vaults:2)
  2 deep elf knights (Vaults:2)
  12 sea snakes
  5 deep trolls
  An unseen horror (shapeshifter) (Vaults:3)
  4 unseen horrors
  2 wizards
  A deep elf archer (Vaults:3)
  18 harpies
  3 necromancers
  A deep elf mage (D:15)
  2 ironbrand convokers
  A wolf spider zombie (D:15)
  7 orb spiders
  6 orc knights
  An orc sorcerer (Orc:1)
  Pikel (D:4)
  38 wolf spiders
  20 ugly things
  8 cyclopes
  A salamander (shapeshifter) (D:14)
  16 manticores
  6 fauns (Shoals:1)
  4 centaur zombies
  2 moths of wrath
  A merfolk siren (Shoals:3)
  5 water nymphs
  An ice statue (IceCv)
  6 vault sentinels
  3 black mambas
  2 gargoyles
  A black mamba (shapeshifter) (D:14)
  6 centaur skeletons
  16 spiny frogs
  4 orange demons (D:15)
  A yaktaur zombie (Vaults:3)
  5 torpor snails
  2 rime drakes
  10 demonic crawlers
  5 yaktaurs
  8 komodo dragons
  A human skeleton (Vaults:3)
  14 freezing wraiths
  An efreet (D:10)
  2 tengu conjurers (D:15)
  26 jumping spiders
  A polar bear (shapeshifter) (Vaults:2)
  A harpy zombie (D:15)
  35 merfolk
  3 meliai (D:13)
  7 trolls
  3 polar bears
  Grinder (D:6)
  4 wind drakes
  3 hornets
  10 blink frogs
  A harpy skeleton (D:15)
  Prince Ribbit (D:8)
  13 snapping turtles
  11 hippogriffs
  A meliai zombie (D:15)
  A dream sheep (Lair:6)
  26 slime creatures
  72 redbacks
  11 water elementals
  3 wyverns
  4 wraiths
  18 tarantellas
  4 shadows
  2 hogs
  6 basilisks
  26 yaks
  The ghost of sithsevirus the Charmwright, an amateur GnSk (D:4)
  A basilisk (shapeshifter) (Vaults:2)
  11 vampire mosquitoes
  3 hungry ghosts
  3 steam dragons
  2 wargs
  2 soldier ants
  3 acid dragons (Vaults:2)
  9 water moccasins
  14 porcupines
  A meliai simulacrum (D:15)
  22 orc warriors
  3 sky beasts
  A human zombie (Vaults:3)
  3 black bears
  22 ogres
  13 ice beasts
  9 boggarts (Vaults:2)
  A phantom (D:6)
  The ghost of sithsevirus the Gusty, an amateur DrAE of Sif Muna (D:3)
  An eye of draining (D:13)
  16 wolves
  7 centaurs
  A big kobold (D:12)
  15 crocodiles
  30 bullfrogs
  A gnoll sergeant (Orc:1)
  A wyvern zombie (D:14)
  2 wyvern skeletons
  7 scorpions
  A human simulacrum (Vaults:2)
  2 elephant simulacra (IceCv)
  9 killer bees
  11 wights
  2 howler monkeys
  2 vampire bats (D:4)
  An electric eel (D:13)
  7 crimson imps
  6 bullfrog zombies
  5 draconian simulacra (IceCv)
  14 jellies
  A quasit (D:10)
  2 bullfrog skeletons
  19 orc priests
  6 hounds
  17 orc wizards
  4 iguanas
  14 worker ants
  2 polar bear simulacra (IceCv)
  6 hell rats (Lair:2)
  A spriggan simulacrum (IceCv)
  A troll simulacrum (IceCv)
  4 centaur simulacra (IceCv)
  3 hound zombies
  2 worker ant zombies
  9 gnolls
  5 naga simulacra (IceCv)
  14 adders
  3 ogre simulacra (IceCv)
  15 river rats (Lair:2)
  2 shadow imps
  25 white imps
  An ufetubus (D:12)
  10 oozes
  3 adder skeletons
  10 worms
  4 dart slugs
  6 leopard geckos
  56 orcs
  9 bats
  A bat skeleton (D:4)
  3 bat zombies (D:4)
  6 giant cockroaches
  7 goblins
  6 hobgoblins
  14 jackals
  12 quokkas
  A ball python (D:2)
  5 frilled lizards
  9 kobolds
  2 quokka zombies
  15 rats
  A fungus (Lair:6)
  9 plants
  4 tentacles (Shoals:3)
1257 creatures vanquished.

Vanquished Creatures (others)
  A vault warden (Vaults:2)
  2 emperor scorpions (Spider:4)
  A vampire knight (Vaults:2)
  6 merfolk impalers (Shoals:4)
  6 merfolk javelineers
  2 ogre magi (Orc:2)
  A yaktaur captain (Vaults:3)
  A vault guard (Vaults:1)
  5 hydras
  A death knight (Vaults:2)
  7 two-headed ogres (Orc:2)
  2 merfolk avatars (Shoals:4)
  2 deep trolls (Orc:2)
  2 sea snakes (Shoals:4)
  A kraken simulacrum (Shoals:4)
  2 ironbrand convokers (Vaults:2)
  9 orb spiders
  3 deep elf magi (Vaults:2)
  2 cyclopes (Orc:2)
  A merfolk siren (Shoals:1)
  A black mamba (Lair:6)
  7 spiny frogs (Lair:6)
  2 komodo dragons
  3 merfolk
  7 trolls (Orc:2)
  5 tyrant leeches (Lair:6)
  6 dream sheep (Lair:6)
  7 blink frogs (Lair:6)
  A wyvern (Lair:6)
  3 vampire mosquitoes (Lair:6)
  4 water moccasins (Lair:6)
  2 orc warriors (Orc:2)
  15 ogres (Orc:2)
  3 wolves (Lair:6)
  A centaur (D:13)
  5 bullfrogs (Lair:6)
  A draconian simulacrum (IceCv)
  An orc priest (Orc:2)
  16 orcs
  20 fungi
  54 plants
  30 starspawn tentacles
  8 tentacles
259 creatures vanquished.

Grand Total: 1516 creatures vanquished

Notes
Turn   | Place    | Note
-------+----------+-------------------------------------------
     0 | Abyss:1  | mortelune the Demonspawn Abyssal Knight began the quest for the Orb.
     0 | Abyss:1  | Reached XP level 1. HP: 18/18 MP: 2/2
     0 | D:1      | Escaped the Abyss
    56 | D:1      | Reached * piety under Lugonu
    65 | D:1      | Gained mutation: You are partially covered in sharp spines. [demonic ancestry]
    65 | D:1      | Reached XP level 2. HP: 13/24 MP: 3/3
   850 | D:2      | Gained mutation: When hurt, damage is shared between your health and your magic reserves. [demonic ancestry]
   850 | D:2      | Reached XP level 3. HP: 19/29 MP: 4/4
  1142 | D:2      | Found a glowing golden altar of the Shining One.
  1164 | D:2      | Reached ** piety under Lugonu
  1274 | D:2      | Reached XP level 4. HP: 33/35 MP: 5/5
  2149 | D:3      | Noticed sithsevirus's ghost (amateur DrAE)
  2157 | D:3      | Killed sithsevirus's ghost
  2157 | D:3      | Gained mutation: You have sharp fingernails. [demonic ancestry]
  2157 | D:3      | Reached XP level 5. HP: 24/42 MP: 3/6
  2331 | D:3      | Found a snail-covered altar of Cheibriados.
  2631 | D:4      | Found a staircase to the Ecumenical Temple.
  2858 | D:4      | Reached XP level 6. HP: 48/48 MP: 7/7
  2987 | D:4      | Noticed sithsevirus's ghost (amateur GnSk)
  3930 | D:4      | Noticed a slave
  3931 | D:4      | Noticed a slave
  4037 | D:5      | Entered Level 5 of the Dungeon
  4692 | D:5      | Reached skill level 5 in Maces & Flails
  5085 | D:6      | Noticed an ice beast
  5137 | D:6      | Gained mutation: You are mostly covered in sharp spines. [demonic ancestry]
  5137 | D:6      | Reached XP level 7. HP: 55/55 MP: 8/8
  5469 | D:6      | Reached skill level 5 in Fighting
  6074 | D:6      | Noticed an oklob plant
  6128 | D:5      | Found a deep blue altar of Sif Muna.
  6336 | D:6      | Noticed Grinder
  6344 | D:6      | Paralysed by Grinder for 4 turns
  6354 | D:6      | Killed Grinder
  6354 | D:6      | Gained mutation: You are partially covered in slimy green scales. (AC +2) [demonic ancestry]
  6354 | D:6      | Reached XP level 8. HP: 63/63 MP: 9/9
  6530 | D:7      | Found a radiant altar of Vehumet.
  6539 | D:7      | Found a bloodstained altar of Trog.
  6553 | D:7      | Reached *** piety under Lugonu
  6652 | D:7      | Reached skill level 5 in Armour
  7039 | D:7      | Got an ebony hand axe
  7398 | D:7      | Found a glowing silver altar of Zin.
  7402 | D:7      | Found an iron altar of Okawaru.
  7742 | D:7      | Found a shadowy altar of Dithmenos.
  7742 | D:7      | Found a hazy altar of Hepliaklqana.
  7742 | D:7      | Found a white marble altar of Elyvilon.
  7742 | D:7      | Found a burning altar of Makhleb.
  7790 | D:7      | Found an ornate altar of the Wu Jian Council.
  7790 | D:7      | Found a shimmering altar of Xom.
  7933 | D:8      | Reached XP level 9. HP: 50/71 MP: 6/11
  8233 | D:8      | Found an iron altar of Okawaru.
  8468 | D:8      | Noticed Prince Ribbit
  8698 | D:8      | Identified the +7 hand axe "Undertaker" {venom, +Rage} (You found it on level 7 of the Dungeon)
  8784 | D:8      | Killed Prince Ribbit
  9190 | D:9      | Found a flagged portal.
  9381 | D:9      | Reached skill level 5 in Invocations
  9572 | Bailey   | Entered a bailey
  9572 | Bailey   | Noticed aspa's ghost (novice OpWz)
  9572 | Bailey   | Noticed an orc knight
  9709 | D:9      | Found a staircase to the Lair.
  9815 | D:9      | Reached **** piety under Lugonu
 10162 | D:9      | Gained mutation: You regenerate magic rapidly. [demonic ancestry]
 10162 | D:9      | Reached XP level 10. HP: 64/79 MP: 9/14
 10460 | D:10     | Entered Level 10 of the Dungeon
 10916 | D:4      | Noticed Pikel
 10927 | D:4      | Killed Pikel
 11192 | D:4      | Killed sithsevirus's ghost
 11209 | D:4      | Found an ancient bone altar of Kikubaaqudgha.
 11807 | D:10     | Noticed a fire dragon
 11809 | D:10     | Noticed a gargoyle
 11809 | D:10     | Noticed an orc knight
 11865 | D:10     | Reached skill level 10 in Maces & Flails
 11934 | D:10     | Killed an orc knight
 12209 | Lair:1   | Entered Level 1 of the Lair of Beasts
 12294 | Lair:1   | Noticed a spiny frog
 12308 | Lair:1   | Killed a spiny frog
 12788 | Lair:1   | Gained mutation: You have very sharp fingernails. [demonic ancestry]
 12788 | Lair:1   | Reached XP level 11. HP: 76/87 MP: 13/16
 13029 | Lair:1   | Noticed an oklob plant
 13029 | Lair:1   | Noticed an oklob plant
 13029 | Lair:1   | Noticed an oklob plant
 13387 | Lair:1   | Reached ***** piety under Lugonu
 13505 | Lair:1   | Identified the Volume of Dark Earth
 13991 | Lair:2   | Found a hole to the Spider Nest.
 14028 | Lair:2   | Got a fine war axe
 14082 | Lair:2   | Found a frozen archway.
 14111 | IceCv    | Entered an ice cave
 14306 | IceCv    | Identified the +6 war axe of Peum {elec, rElec Str+4} (You found it on level 2 of the Lair of Beasts)
 15134 | IceCv    | Found an ancient bone altar of Kikubaaqudgha.
 15149 | IceCv    | Gained mutation: You are mostly covered in slimy green scales. (AC +3) [demonic ancestry]
 15149 | IceCv    | Reached XP level 12. HP: 75/97 MP: 14/19
 15532 | IceCv    | Reached skill level 10 in Invocations
 15897 | IceCv    | Got a pair of pitted gloves
 15908 | IceCv    | Identified the +2 pair of gloves "Goicw" {Int+6} (You found it in an ice cave)
 16061 | Lair:2   | Noticed an eight-headed hydra
 16072 | Lair:2   | Killed an eight-headed hydra
 16566 | Lair:2   | Reached skill level 10 in Fighting
 16720 | Lair:2   | Reached ****** piety under Lugonu
 16881 | Lair:3   | Found a staircase to the Shoals.
 17086 | Lair:3   | Noticed an eight-headed hydra
 17092 | Lair:3   | Banished an eight-headed hydra
 20144 | Lair:5   | Noticed a seven-headed hydra
 20161 | Lair:5   | Killed a seven-headed hydra
 20484 | Lair:6   | Entered Level 6 of the Lair of Beasts
 20560 | Lair:6   | Noticed an eight-headed hydra
 20584 | Lair:5   | Gained mutation: You have claws for hands. [demonic ancestry]
 20584 | Lair:5   | Reached XP level 13. HP: 60/104 MP: 15/21
 21433 | Lair:6   | Corrupted Lair:6
 21433 | Lair:6   | Noticed a tentacled starspawn
 21433 | Lair:6   | Noticed a purple very ugly thing
 21433 | Lair:6   | Noticed a tentacled starspawn
 21434 | Lair:6   | Noticed a tentacled starspawn
 21438 | Lair:6   | Noticed a bone dragon
 22394 | Lair:6   | Reached skill level 10 in Armour
 22407 | Lair:6   | Found a runed door.
 22552 | Lair:6   | Found a viscous altar of Jiyva.
 22553 | Lair:6   | Found a staircase to the Slime Pits.
 22590 | Lair:6   | Reached skill level 1 in Evocations
 23464 | D:10     | Killed a fire dragon
 23750 | D:10     | Identified Sif Muna's Incunabulum of the Blistering Voyage
 23750 | D:10     | Identified the Disquisition on Ice
 23756 | D:10     | Got a fine helmet
 23767 | D:10     | Identified the cursed -1 helmet of the Shining One's Whim {rC++} (You found it on level 10 of the Dungeon)
 23798 | D:10     | Learned a level 2 spell: Throw Frost
 24536 | D:11     | Reached skill level 1 in Ice Magic
 25522 | D:11     | Reached skill level 1 in Shields
 25784 | D:11     | Got an iridescent hand crossbow
 25785 | D:11     | Identified the cursed +0 hand crossbow of the Harvest {freeze, rF- rC+ Int+7} (You found it on level 11 of the Dungeon)
 26731 | D:12     | Found a staircase to the Orcish Mines.
 27539 | D:13     | Gained mutation: You are completely covered in sharp spines. [demonic ancestry]
 27539 | D:13     | Reached XP level 14. HP: 107/115 MP: 23/23
 27596 | D:13     | Found a gate to the Vaults.
 28528 | D:13     | Noticed Erolcha
 28535 | D:13     | Killed Erolcha
 29026 | Lair:5   | Got a pitted flail
 29027 | Lair:5   | Identified the +5 flail of the Hierophant {crush, Str+3 SInv} (You found it on level 5 of the Lair of Beasts)
 29191 | D:14     | Noticed Kirke
 29193 | D:14     | Noticed Agnes
 29243 | D:14     | Reached skill level 5 in Ice Magic
 30208 | D:14     | Banished Agnes
 30596 | Orc:1    | Entered Level 1 of the Orcish Mines
 30612 | Orc:1    | Reached skill level 1 in Dodging
 30786 | Orc:2    | Entered Level 2 of the Orcish Mines
 30810 | Orc:2    | Found Buan's General Store.
 30822 | Orc:2    | Bought a scroll of identify for 20 gold pieces
 30822 | Orc:2    | Bought a potion of might for 40 gold pieces
 30823 | Orc:2    | Found a labyrinth entrance.
 30838 | Lab      | Entered a labyrinth
 31827 | Lab      | Got a dazzling ring mail
 31838 | Lab      | Identified the +2 ring mail "Lymnad Mulua" {-Cast rF+ Str+5} (You found it in a labyrinth)
 31853 | Orc:2    | Found a staircase to the Elven Halls.
 32113 | Orc:2    | Found Tylew's Food Emporium.
 32113 | Orc:2    | Noticed Sonja
 32115 | Orc:2    | Banished Sonja
 32129 | Orc:2    | Corrupted Orc:2
 32129 | Orc:2    | Noticed a purple very ugly thing
 32129 | Orc:2    | Noticed a starcursed mass
 32129 | Orc:2    | Noticed a tentacled starspawn
 32129 | Orc:2    | Noticed a tentacled starspawn
 32132 | Orc:2    | Noticed a starcursed mass
 32133 | Orc:2    | Noticed a starcursed mass
 32138 | Orc:2    | Noticed a starcursed mass
 32141 | Orc:2    | Noticed a starcursed mass
 32159 | Orc:2    | Noticed a tentacled starspawn
 32172 | Orc:2    | Found Katodeh's Gadget Shoppe.
 32172 | Orc:2    | Found a roughly hewn altar of Beogh.
 32181 | Orc:2    | Found Wibudgh's Book Shop.
 32186 | Orc:2    | Found Touq's Food Emporium.
 32679 | Orc:2    | Bought a book of Spatial Translocations for 780 gold pieces
 32682 | Orc:2    | Learned a level 2 spell: Blink
 33810 | D:14     | Killed Kirke
 34161 | D:14     | Reached skill level 1 in Axes
 34161 | D:14     | Reached skill level 1 in Spellcasting
 34195 | D:15     | Entered Level 15 of the Dungeon
 34248 | D:15     | Gained mutation: You are completely covered in slimy green scales. (AC +4, rPois) [demonic ancestry]
 34248 | D:15     | Reached XP level 15. HP: 102/124 MP: 22/25
 35025 | D:15     | Found a staircase to the Depths.
 37323 | Spider:1 | Entered Level 1 of the Spider Nest
 38001 | Spider:1 | Noticed a ghost moth
 38014 | Spider:1 | Killed a ghost moth
 38840 | Spider:2 | Noticed Jorgrun
 38847 | Spider:2 | Reached skill level 5 in Shields
 38858 | Spider:2 | Killed Jorgrun
 39071 | Spider:2 | Noticed Arachne
 39114 | Spider:2 | Killed Arachne
 39114 | Spider:2 | Reached skill level 15 in Invocations
 39491 | Spider:2 | Reached skill level 15 in Fighting
 39502 | Spider:2 | Gained mutation: You resist negative energy. (rN+) [demonic ancestry]
 39502 | Spider:2 | Reached XP level 16. HP: 130/136 MP: 27/27
 41682 | Spider:4 | Entered Level 4 of the Spider Nest
 44017 | Spider:4 | Reached skill level 15 in Maces & Flails
 44698 | Spider:4 | Got a gossamer rune of Zot
 45213 | Shoals:1 | Entered Level 1 of the Shoals
 45213 | Shoals:1 | Found Vuodd's Armour Emporium.
 45759 | Shoals:1 | Reached XP level 17. HP: 124/144 MP: 29/29
 46375 | Shoals:1 | Found Juasez's Distillery.
 46377 | Shoals:1 | Found Itagej's Distillery.
 46389 | Shoals:1 | Bought a potion of might for 52 gold pieces
 46389 | Shoals:1 | Bought 2 potions of heal wounds for 130 gold pieces
 46389 | Shoals:1 | Bought a potion of curing for 39 gold pieces
 46389 | Shoals:1 | Bought a potion of curing for 39 gold pieces
 46389 | Shoals:1 | Bought 2 potions of curing for 78 gold pieces
 46389 | Shoals:1 | Bought a potion of invisibility for 104 gold pieces
 46402 | Shoals:1 | Bought a potion of heal wounds for 75 gold pieces
 46402 | Shoals:1 | Bought 2 potions of heal wounds for 150 gold pieces
 46402 | Shoals:1 | Bought a potion of cancellation for 120 gold pieces
 47083 | Shoals:2 | Noticed mortelune's ghost (adept DEFE)
 47401 | Shoals:2 | Learned a level 1 spell: Summon Butterflies
 47473 | Shoals:2 | Killed mortelune's ghost
 48631 | Shoals:3 | Noticed a kraken
 48646 | Shoals:3 | Killed a kraken
 49552 | Shoals:3 | Noticed Ilsuiw
 49810 | Shoals:3 | Killed Ilsuiw
 50448 | Shoals:4 | Entered Level 4 of the Shoals
 51189 | Shoals:4 | Corrupted Shoals:4
 51189 | Shoals:4 | Noticed a hellephant
 51189 | Shoals:4 | Noticed a bone dragon
 51189 | Shoals:4 | Noticed a bone dragon
 51189 | Shoals:4 | Noticed a profane servitor
 51189 | Shoals:4 | Noticed a bone dragon
 51189 | Shoals:4 | Noticed an ancient lich
 51586 | Shoals:4 | Got a barnacled rune of Zot
 52046 | Shoals:4 | Reached skill level 10 in Ice Magic
 53152 | Shoals:4 | Reached skill level 5 in Spellcasting
 53578 | Shoals:4 | Got a shimmering hand crossbow
 53579 | Shoals:4 | Identified the cursed +1 hand crossbow "Sarcophage" {freeze, rPois rC+} (You found it on level 4 of the Shoals)
 54039 | Vaults:1 | Entered Level 1 of the Vaults
 54349 | Vaults:1 | Reached XP level 18. HP: 149/153 MP: 30/30
 55533 | Vaults:2 | Noticed a lich
 56016 | Vaults:2 | Found Hairchio's Antique Armour Shop.
 56180 | Vaults:2 | Bought a pair of runed boots for 300 gold pieces
 56897 | Vaults:2 | Corrupted Vaults:2
 56897 | Vaults:2 | Noticed a lich
 56913 | Vaults:2 | Noticed a Hell Sentinel
 57319 | Vaults:2 | Found a staircase to the Crypt.
 57865 | Vaults:3 | Noticed Sojobo
 58497 | Vaults:3 | Noticed Boris
 58516 | Vaults:3 | Killed Boris
 58822 | Vaults:3 | Found Genuo's Distillery.
 58841 | Vaults:3 | Bought a potion of heal wounds for 95 gold pieces
 58841 | Vaults:3 | Bought a potion of resistance for 190 gold pieces
 58841 | Vaults:3 | Bought a potion of invisibility for 152 gold pieces
 58841 | Vaults:3 | Bought a potion of curing for 57 gold pieces
 58911 | Vaults:3 | Killed from afar by Sojobo

Vault maps used:
D:1:      dpeg_arrival_long_road, kennysheep_small_spiral, minivault_14
D:2:      old_standard_altar, minmay_misc_feat_tiny, grunt_ministairs_6
D:3:      kennysheep_slug_shrine
D:4:      kennysheep_vampire_church, minmay_temple_entry_mist, uniq_pikel
D:5:      lemuel_upstairs_altar, first_ration
D:6:      lemuel_slime, hex_large, uniq_grinder
D:7:      minmay_overflow_temple_hex, grunt_temple_overflow_open
D:8:      basic_altar, kennysheep_generic_room_16, uniq_prince_ribbit1
D:9:      grunt_lair_entry_orc_guard_hut, enter_bailey_2,
          hangedman_little_slice_of_home, worms_lemuel
D:10:     minmay_the_grid_triangle_9x9_recursive_2_mashed, eino_tiny_chamber
D:12:     orc_0_dummy, serial_ice, serial_ice_n, serial_ice_l, serial_ice_g,
          serial_ice_h
D:13:     erik_vaults_1, kennysheep_minor_cross, minmay_misc_feat_tower,
          dk_noncrumbling_3, lemuel_flamethrower_3, uniq_erolcha
D:14:     uniq_agnes, uniq_kirke
D:15:     hangedman_depths_entry_civil_slaughter, einodemon_barbed_minivault
Lair:1:   minmay_lair_oklob_chamber
Lair:2:   lemuel_ratsnest, nicolae_spider_entry_non_spiders,
          portal_ice_cave_entry_imps, guppyfry_lair_drakes, grunt_megastairs_1
Lair:3:   elwin_shoals_entry_rocks
Lair:4:   serial_bayou_shore_b, serial_bayou_shore_b
Lair:6:   minmay_lair_end_frog_pond, slime_altar_2
Shoals:1: serial_shops, shop, shop, nicolae_shop_stone, uniq_donald
Shoals:3: uniq_ilsuiw
Shoals:4: shoals_end_grunt_ice, shoals_ilsuiw_alternative, ldierk_geyser,
          nicolae_shoals_square_sea_wall
Spider:1: hangedman_spider_tarantella_strand
Spider:2: uniq_arachne, uniq_jorgrun
Spider:3: nicolae_spider_webbed_stairs
Spider:4: grunt_spider_rune_circles, nicolae_orb_island
Orc:1:    mines_bat_river
Orc:2:    st_orc_open, serial_shops, shop, lab_entry_generic, mines2_david,
          uniq_sonja
Vaults:1: v_misc_29, vaults_room_large_hall, hangedman_vaults_nails,
          nicolae_vaults_yaktaur_gun_rack, nicolae_vaults_little_squares_6,
          v_misc_4, v_misc_23, nicolae_vaults_little_squares_3,
          vaults_dpeg_encased_lava
Vaults:2: minmay_crypt_entry_simple_sparse, v_rooms_3, grunt_vaults_focal,
          vaults_room_door_hall, v_misc_27, nicolae_vaults_little_squares_3,
          v_misc_24, serial_shops, shop
Vaults:3: nicolae_vaults_statue_guard, ontoclasm_vaults_tryst,
          nicolae_vaults_back_hallway, ontoclasm_vaults_ring_large,
          ontoclasm_vaults_shuriken, vaults_room_pools,
          nicolae_vaults_ninety_degrees, v_misc_12, hangedman_vaults_snaps,
          v_misc_19, nicolae_vaults_network_square, serial_shops,
          nicolae_shop_window_shopping, uniq_boris, uniq_sojobo
Lab:      nicolae_lab_statue, nicolae_lab_arrow
Bailey:   bailey_polearm_4, bailey
IceCv:    ice_cave_small_necro

Skill      XL: |  1  2  3  4  5  6  7  8  9 10 11 12 13 14 15 16 17 18 |
---------------+-------------------------------------------------------+-----
Maces & Flails | 2 3 4 5 6 7 9 10 11 13 14 15 | 15.5
Armour         | 2 3 4 5 6 7 8 9 10 11 12 13 | 13.9
Fighting       | 4 5 6 7 8 9 10 12 13 15 16 17 | 17.1
Invocations    | 3 5 7 9 11 12 14 15 16 17 | 17.8
Evocations     | 3 |  3.0
Ice Magic      | 3 7 8 10 11 | 11.6
Shields        | 2 4 5 7 8 9 |  9.5
Dodging        | 2 3 |  3.6
Axes           | 1 2 4 |  4.5
Spellcasting   | 1 2 5 6 |  6.6

Action                   |  1- 3 |  4- 6 |  7- 9 | 10-12 | 13-15 | 16-18 || total
-------------------------+-------+-------+-------+-------+-------+-------++-------
Melee: Mace              |    75 |    54 |   102 |       |       |       ||   231
       War axe           |       |   114 |       |   313 |   553 |  1201 ||  2181
       Flail             |       |       |    64 |    13 |   676 |   440 ||  1193
       Hand axe          |       |       |    85 |   255 |    13 |       ||   353
       Whip              |       |       |       |   101 |    18 |       ||   119
       Unarmed           |       |       |       |       |    30 |       ||    30
Throw: Tomahawk          |       |     3 |       |       |       |       ||     3
Invok: Depart the Abyss  |     1 |       |       |       |       |       ||     1
       Banish            |       |       |       |     4 |     7 |    39 ||    50
       Corrupt           |       |       |       |       |     2 |     2 ||     4
       Bend Space        |       |       |       |       |       |     4 ||     4
Evoke: Wand              |       |       |       |       |     6 |     2 ||     8
  Use: Potion            |     1 |       |       |     1 |    11 |    15 ||    28
       Scroll            |       |     6 |    11 |    14 |    13 |    12 ||    56
 Stab: Invisible         |       |       |       |       |     2 |       ||     2
  Eat: Chunk             |     1 |    12 |     7 |    22 |    30 |    41 ||   113
       Ration            |       |       |     3 |     4 |    10 |    11 ||    28
Armor: Ring mail         |    38 |    40 |       |       |       |       ||    78
       Scale mail        |       |    14 |    95 |       |       |       ||   109
       Plate armour      |       |       |    44 |   563 |   317 |  1067 ||  1991
       Skin              |       |       |     6 |     1 |       |       ||     7
       Fire dragon scale |       |       |       |       |   362 |       ||   362
Dodge: Dodged            |    45 |    85 |   110 |   187 |   419 |   468 ||  1314
Block: Other             |       |       |       |   157 |    63 |       ||   220
       Reflection        |       |       |       |     3 |    21 |   103 ||   127
       Buckler           |       |       |       |       |   361 |       ||   361
       Shield            |       |       |       |       |   380 |  2027 ||  2407

Table legend:
 A = Spawn XP
 B = Non-spawn XP
 C = Spawn XP percentage of total XP
 D = Spawn monster count
 E = Non-spawn monster count
 F = Spawn count percentage of total count
 G = Total turns spent on level
                    A         B        C        D         E        F      G
               +---------+---------+-------+---------+---------+-------+---------
         Total |       0 |  367614 |   0.0 |       0 |    1280 |   0.0 | 58911
               +---------+---------+-------+---------+---------+-------+---------
           D:1 |       0 |      37 |   0.0 |       0 |      22 |   0.0 |   788
           D:2 |       0 |      71 |   0.0 |       0 |      21 |   0.0 |   948
           D:3 |       0 |     271 |   0.0 |       0 |      20 |   0.0 |  1472
           D:4 |       0 |    1140 |   0.0 |       0 |      21 |   0.0 |  1227
           D:5 |       0 |     308 |   0.0 |       0 |      10 |   0.0 |  1344
           D:6 |       0 |     903 |   0.0 |       0 |      12 |   0.0 |  1329
           D:7 |       0 |    1155 |   0.0 |       0 |      25 |   0.0 |  1348
           D:8 |       0 |     666 |   0.0 |       0 |      10 |   0.0 |  1491
           D:9 |       0 |    2780 |   0.0 |       0 |      44 |   0.0 |  1847
          D:10 |       0 |    5459 |   0.0 |       0 |      42 |   0.0 |  1636
          D:11 |       0 |    4594 |   0.0 |       0 |      23 |   0.0 |  1770
          D:12 |       0 |    8020 |   0.0 |       0 |      51 |   0.0 |  1389
          D:13 |       0 |   10517 |   0.0 |       0 |      30 |   0.0 |  1531
          D:14 |       0 |   19648 |   0.0 |       0 |      50 |   0.0 |  2562
          D:15 |       0 |   21497 |   0.0 |       0 |      64 |   0.0 |  2048
        Lair:1 |       0 |    7482 |   0.0 |       0 |      40 |   0.0 |  1743
        Lair:2 |       0 |    3301 |   0.0 |       0 |      68 |   0.0 |  1335
        Lair:3 |       0 |    3972 |   0.0 |       0 |      20 |   0.0 |  1577
        Lair:4 |       0 |    3952 |   0.0 |       0 |      19 |   0.0 |  1277
        Lair:5 |       0 |    4877 |   0.0 |       0 |      15 |   0.0 |  2007
        Lair:6 |       0 |    8456 |   0.0 |       0 |      39 |   0.0 |  1932
      Shoals:1 |       0 |   14880 |   0.0 |       0 |      33 |   0.0 |  1634
      Shoals:2 |       0 |   17660 |   0.0 |       0 |      35 |   0.0 |  1388
      Shoals:3 |       0 |   19235 |   0.0 |       0 |      29 |   0.0 |  2516
      Shoals:4 |       0 |   25875 |   0.0 |       0 |      48 |   0.0 |  2802
      Spider:1 |       0 |   13834 |   0.0 |       0 |      37 |   0.0 |  1383
      Spider:2 |       0 |   22192 |   0.0 |       0 |      48 |   0.0 |  1631
      Spider:3 |       0 |   12036 |   0.0 |       0 |      28 |   0.0 |  2098
      Spider:4 |       0 |   37722 |   0.0 |       0 |      87 |   0.0 |  2941
         Orc:1 |       0 |    3254 |   0.0 |       0 |      52 |   0.0 |   903
         Orc:2 |       0 |    4136 |   0.0 |       0 |      31 |   0.0 |  1221
      Vaults:1 |       0 |   18765 |   0.0 |       0 |      34 |   0.0 |  1363
      Vaults:2 |       0 |   32925 |   0.0 |       0 |      69 |   0.0 |  2831
      Vaults:3 |       0 |   27959 |   0.0 |       0 |      44 |   0.0 |   678
           Lab |       0 |    1891 |   0.0 |       0 |       5 |   0.0 |  1014
         IceCv |       0 |    6144 |   0.0 |       0 |      54 |   0.0 |  1902
               +---------+---------+-------+---------+---------+-------+---------
